 Dungeon Crawl Stone Soup version 0.15-a0-809-g8e1b895 (webtiles) character file.

25 4tharraofdagon the Changer (level 3, -2/20 HPs)
             Began as a Kobold Transmuter on May 14, 2014.
             Slain by a hobgoblin
             ... wielding a +0,+0 club
              (7 damage)
             ... on Level 2 of the Dungeon.
             The game lasted 00:01:32 (311 turns).

4tharraofdagon the Changer (Kobold Transmuter)       Turns: 311, Time: 00:01:32

HP  -2/20        AC  2     Str  9      XL: 3   Next: 17%
MP   6/6         EV 15     Int 16      God:
Gold 19          SH  0     Dex 16      Spells:  2 memorised,  2 levels left

rFire  . . .     SeeInvis .       - Unarmed
rCold  . . .     Clarity  .     c - +0 robe
rNeg   . . .     Conserve .     (no shield)
rPois  .         rCorr    .     (no helmet)
rElec  .         rRot     .     (no cloak)
SustAb . .       Spirit   .     (no gloves)
rMut   .         Warding  .     (no boots)
Gourm  .         Stasis   .     (no amulet)
MR     .....                    (no ring)
                                (no ring)

@: brilliant, not resistant to hostile enchantments, very unstealthy
A: disease resistance, carnivore 3
a: no special abilities


You were on level 2 of the Dungeon.
You were full.

You visited 1 branch of the dungeon, and saw 2 of its levels.

You collected 19 gold pieces.

Inventory:

Missiles
 b - 12 arrows
Armour
 c - a +0 robe (worn)
Comestibles
 a - a meat ration
Scrolls
 e - a scroll of magic mapping {unknown}
 g - 3 scrolls of identify {unknown}
 h - 2 scrolls of teleportation {unknown}
 j - 2 scrolls of enchant weapon II {unknown}
Potions
 i - a potion of lignification
 k - a potion of paralysis {unknown}
 l - a potion of cure mutation {unknown}
Books
 d - a book of Changes

   Spells                             Type                      Level
   *Beastly Appendage                 Transmutation                1
   Sticks to Snakes                   Transmutation                2
   *Spider Form                       Transmutation/Poison         3
   Ice Form                           Ice/Transmutation            4
   Blade Hands                        Transmutation                5


   Skills:
 - Level 1.1 Fighting
 - Level 2.4 Dodging
 - Level 3.0 Unarmed Combat
 - Level 2.0 Spellcasting
 * Level 3.1 Transmutations


You had 2 spell levels left.
You knew the following spells:

 Your Spells              Type           Power        Failure   Level  Hunger
a - Beastly Appendage     Trmt           ###...       1%          1    #......
b - Spider Form           Trmt/Pois      ###.......   4%          3    ####...


Dungeon Overview and Level Annotations

Branches:
Dungeon (2/15)

Altars:


Innate Abilities, Weirdness & Mutations

You recuperate from illness quickly.
You are small and have problems with some larger weapons.
You are carnivorous and can eat meat at any time.


Message History

Found a scroll labeled SORGHUK ASENWE THRE.
l - an emulsified cyan potion
h - 2 scrolls labeled SORGHUK ASENWE THRE (gained 1)
A hobgoblin comes into view. It is wielding a club.
The hobgoblin shouts!
The hobgoblin hits you with a club.
* * * LOW HITPOINT WARNING * * *
You hit the hobgoblin.
The hobgoblin is moderately wounded.
The hobgoblin barely misses you.
You closely miss the hobgoblin.
The hobgoblin is lightly wounded.
You completely miss the hobgoblin.
The hobgoblin is lightly wounded.
The hobgoblin misses you.
Unknown command.
Drink which item? (? for menu, Esc to quit)
You feel clever all of a sudden.
It was a potion of brilliance.
The hobgoblin hits you with a club!
You die...

###### #### ##....##
####..####
#......############........#
##.........................#
##.###############........#
#.# ######..##..#### ####.##
#......######
#.....########.######
#..[........<..@#
#.....####).###g#
#.....###..## #..
#####.....######..
#..............
#.##.########.## #.##... ..
#.####..# #.. #.# #...


You could see a hobgoblin.

Vanquished Creatures
  Jessica (D:2)
  A goblin (D:2)
  A hobgoblin (D:1)
  2 bats
  A giant newt (D:1)
  A kobold (D:1)
  2 rats (D:1)
9 creatures vanquished.

Notes
Turn   | Place    | Note
--------------------------------------------------------------
     0 | D:1      | 4tharraofdagon, the Kobold Transmuter, began the quest for the Orb.
     0 | D:1      | Reached XP level 1. HP: 12/12 MP: 3/3
     1 | D:1      | Noticed a troll
     2 | D:1      | Noticed an octopode
     4 | D:1      | Noticed a dwarf
     4 | D:1      | Noticed a minotaur
     6 | D:1      | Noticed a draconian
     6 | D:1      | Noticed a ghoul
     8 | D:1      | Noticed a naga
    10 | D:1      | Noticed a demigod
    10 | D:1      | Noticed a vampire
    12 | D:1      | Noticed an elf
    14 | D:1      | Noticed a spriggan
    14 | D:1      | Noticed a demonspawn
    16 | D:1      | Noticed a centaur
    18 | D:1      | Noticed a vine stalker
    18 | D:1      | Noticed a felid
    20 | D:1      | Noticed a formicid
    20 | D:1      | Noticed a human
    22 | D:1      | Noticed a tengu
    24 | D:1      | Noticed a gargoyle
    26 | D:1      | Noticed an ogre
    26 | D:1      | Noticed a merfolk
   203 | D:2      | Reached XP level 2. HP: 9/16 MP: 2/4
   211 | D:2      | Noticed Jessica
   220 | D:2      | Killed Jessica
   220 | D:2      | Reached XP level 3. HP: 6/20 MP: 4/6
   267 | D:2      | Learned a level 3 spell: Spider Form
   311 | D:2      | Slain by a hobgoblin

Action                   || total
-------------------------++-------
Melee: Unarmed           ||    22
 Cast: Beastly Appendage ||     4
  Use: Potion            ||     2

Vault maps used:
D:1:      kb_arrival_jail
D:2:      grunt_qazlal_clouds, uniq_sigmund, uniq_jessica, uniq_terence
